 Dungeon Crawl Stone Soup version 0.28-a0-1518-gbe868bca14 (webtiles) character file.

Game seed: 5556550779129883105

180 Crownlay the Chopper (level 5, -1/47 HPs)
             Began as a Hill Orc Fighter on Jan 16, 2022.
             Was an Initiate of Okawaru.
             Slain by an ogre (4 damage)
             ... on level 4 of the Dungeon.
             The game lasted 00:04:48 (3246 turns).

Crownlay the Chopper (Hill Orc Fighter)             Turns: 3246, Time: 00:04:48

Health: -1/47      AC: 11    Str: 21    XL:     5   Next: 60%
Magic:  5/5        EV:  5    Int:  8    God:    Okawaru [......]
Gold:   153        SH:  4    Dex: 10    Spells: 4/4 levels left

rFire   . . .      SeeInvis .   a - +0 war axe
rCold   + . .      Faith    .   c - +0 buckler
rNeg    . . .      Spirit   .   q - +0 plate armour
rPois   .          Reflect  .   (no helmet)
rElec   .          Harm     .   (no cloak)
rCorr   .          Rampage  .   (no gloves)
Will    .....                   (no boots)
Stlth   ..........              (no amulet)
HPRegen 0.15/turn               n - ring of protection from cold
MPRegen 0.09/turn               (no ring)

@: no status effects
A: no striking features
a: Renounce Religion


You were on level 4 of the Dungeon.
You worshipped Okawaru.
Okawaru was noncommittal.
You visited 1 branch of the dungeon, and saw 4 of its levels.

You collected 153 gold pieces.

Inventory:

Hand Weapons
 a - a +0 war axe (weapon)
 i - a +0 hunting sling
Missiles
 g - 10 sling bullets
Armour
 c - a +0 buckler (worn)
 q - a +0 plate armour (worn)
Jewellery
 f - an amulet of faith
 j - a ring of ice
 l - a ring of fire
 n - a ring of protection from cold (left hand)
Scrolls
 e - 2 scrolls of identify {unknown}
 h - a scroll of fear {unknown}
 k - a scroll of fog {unknown}
 o - a scroll of teleportation {unknown}
Potions
 d - a potion of might
 m - 2 potions of cancellation {unknown}
 p - a potion of curing {unknown}


   Skills:
 + Level 4.9 Fighting
 * Level 5.8 Axes
 - Level 3.2 Armour
 - Level 4.0 Shields
 + Level 0.2 Invocations


You had 4 spell levels left.
You didn't know any spells.
Your spell library contained the following spells:

 Spells                   Type           Power      Damage    Failure   Level
 Gell's Gravitas          Tloc           0%         N/A       100%        3
 Lesser Beckoning         Tloc           0%         N/A       100%        3
 Teleport Other           Tloc           0%         N/A       100%        3
 Eringya's Noxious Bog    Tmut/Pois      0%         N/A       100%        6
 Summon Forest            Summ/Tloc      Unusable   N/A       N/A         5
 Summon Hydra             Summ           Unusable   N/A       N/A         7

Dungeon Overview and Level Annotations

Branches:
Dungeon (4/15)
 Temple: D:4-7

Altars:
Okawaru
Trog
Xom


Message History

You now have 153 gold pieces (gained 15).
You see here a +0 leather armour.
An ogre comes into view. It is wielding a +0 giant club.
i - a +0 hunting sling (weapon)
You shoot a sling bullet.
The sling bullet completely misses the ogre.
You shoot a sling bullet. The sling bullet hits the ogre!
The ogre is moderately wounded.
You shoot a sling bullet. The sling bullet hits the ogre.
The ogre is moderately wounded.
You shoot a sling bullet. The sling bullet hits the ogre.
The ogre is heavily wounded.
The ogre hits you with a +0 giant club!
a - a +0 war axe (weapon)
You barely miss the ogre.
The ogre is heavily wounded.
You block the ogre's attack.
You barely miss the ogre.
The ogre is heavily wounded.
The ogre hits you but does no damage.
You barely miss the ogre.
The ogre is heavily wounded.
The ogre hits you with a +0 giant club!
You barely miss the ogre.
The ogre is heavily wounded.
The ogre hits you with a +0 giant club!
* * * LOW HITPOINT WARNING * * *
You hit the ogre.
The ogre is heavily wounded.
You block the ogre's attack.
You hit the ogre.
The ogre is severely wounded.
You barely miss the ogre.
The ogre is severely wounded.
The ogre hits you with a +0 giant club!
* * * LOW HITPOINT WARNING * * *
You hit the ogre.
The ogre is almost dead.
The ogre hits you with a +0 giant club.
You die...

### ..# ######.# #.
#....#.# ######
#...###.##.#.# ###.....
#...(O@....#.###.....##
###(.......#.#.....#<#
...(............#...#.#
......##....#.###.#.#.#
(..... #....#.#.......#
...... #..#.#.#[#.#.###
.###. #..#.#.#.#.#.# ##
#..#.#.#.#.#.#
#..#.#.#.#.#..


You could see an ogre.

Vanquished Creatures
  A bullfrog (D:3)
  4 adders
  2 dart slugs
  A worm (D:2)
  6 orcs (D:3)
  5 ball pythons
  6 bats
  5 endoplasms (D:1)
  2 giant cockroaches (D:1)
  9 goblins
  5 hobgoblins
  6 jackals (D:1)
  6 kobolds
  2 quokkas (D:2)
  4 frilled lizards
  2 rats
  A bush (D:1)
67 creatures vanquished.

Notes
Turn   | Place    | Note
-------+----------+-------------------------------------------
     0 | D:1      | Crownlay the Hill Orc Fighter began the quest for the Orb.
     0 | D:1      | Reached XP level 1. HP: 19/19 MP: 1/1
    95 | D:1      | HP: 1/20 [endoplasm (3)]
   422 | D:1      | Reached skill level 3 in Axes
   466 | D:1      | Reached XP level 2. HP: 27/27 MP: 2/2
   639 | D:1      | Found a faded altar of an unknown god.
   752 | D:1      | Reached XP level 3. HP: 30/33 MP: 3/3
  1705 | D:2      | Reached skill level 4 in Axes
  1895 | D:2      | Reached XP level 4. HP: 32/40 MP: 4/4
  2814 | D:3      | Reached skill level 5 in Axes
  2898 | D:3      | Noticed a bullfrog
  2904 | D:3      | Killed a bullfrog
  2905 | D:3      | Reached XP level 5. HP: 36/47 MP: 5/5
  3078 | D:3      | Found an iron altar of Okawaru.
  3082 | D:3      | Became a worshipper of Warmaster Okawaru
  3086 | D:3      | Found a shimmering altar of Xom.
  3089 | D:3      | Found a bloodstained altar of Trog.
  3232 | D:4      | Noticed an ogre
  3246 | D:4      | Slain by an ogre

Illustrated notes

Levels and vault maps discovered:
D:1:      evilmike_arrival_home_sweet_home, layout_basic,
          hellmonk_ecumenical_altar_dog_temple, serial_forest,
          infiniplex_forest_lined_ring, infiniplex_forest_clump_small,
          infiniplex_forest_end_3, infiniplex_forest_clump_medium,
          infiniplex_forest_end_1, infiniplex_forest_lined_room_2,
          infiniplex_forest_lined_2, minmay_misc_feat_pillars,
          minmay_misc_feat_ornament, grunt_decor_fettered,
          minmay_misc_feat_hallway
D:2:      layout_basic, minmay_misc_feat_nine_boxes
D:3:      layout_basic, grunt_temple_overflow_diamond, dk_noncrumbling_2
D:4:      layout_basic

Skill      XL: |  1  2  3  4 |
---------------+-------------+-----
Axes           | 3 4 5 |  5.8
Fighting       | 4 |  4.9
Shields        | 4 |  4.0
Armour         | |  3.2
Invocations    | |  0.2

Action                   |  1- 3 |  4- 6 || total
-------------------------+-------+-------++-------
Melee: War axe           |   168 |    92 ||   260
 Fire: Hunting sling     |     2 |     4 ||     6
Armor: Scale mail        |    58 |    49 ||   107
       Plate armour      |       |     4 ||     4
Dodge: Dodged            |    64 |    35 ||    99
Block: Buckler           |    34 |    21 ||    55

Table legend: (Time is in decaauts)
 A = Elapsed time spent in this place.
 B = Non-inter-level travel time spent in this place.
 C = Inter-level travel time spent in this place.
 D = Time resting spent in this place.
 E = Time spent auto-exploring this place.
 F = Levels seen in this place.
 G = Mean time per level.
                   A        B        C        D        E       F      G
               +--------+--------+--------+--------+--------+-----+--------+
         Total |   3330 |   3146 |    184 |      0 |   2580 |   4 |  832.5 |
       Dungeon |   3330 |   3146 |    184 |      0 |   2580 |   4 |  832.5 |
               +--------+--------+--------+--------+--------+-----+--------+

Top non-repeatable levels by time:
     D:1: 1522 daAuts
     D:2: 898 daAuts
     D:3: 853 daAuts
     D:4: 56 daAuts
